AoeStats
← Reberner

Arabian Desert

510145350Analyzed
1v1 RM · 3d ago on Sep 29, 2026· 76m 30s· 2 players
Game mode
Random Map
Map size
Tiny (2 player)
Population
200
Speed
Normal
Resources
Standard
Victory
Conquest
Starting age
Dark Age
Ending age
Imperial Age
RankedLock teamsTeams togetherTeam positionsShared explorationLock speedFull tech treeHidden civsTurbo modeCheats
Victory
Defeat
🇲🇽 Varangians · Mexico
1419
+16
🇭🇺 Danes · Hungary
1424
-16
El_mexicano_S
6:04 Loom
8:44 Feudal Age
9:22 Double-Bit Axe
13:16 Horse Collar
21:48 Castle Age
19:52 Gold Mining
20:56 Scale Barding Armor
21:30 Bloodlines
21:59 Forging
23:38 Bow Saw
23:24 Town Watch
24:46 Chain Barding Armor
27:28 Wheelbarrow
27:40 Husbandry
29:46 Fletching
37:04 Imperial Age
36:17 Hand Cart
36:39 Iron Casting
36:07 Elite Skirmisher
37:28 Bodkin Arrow
39:28 Two-Man Saw
38:31 Bracer
39:20 Ballistics
40:14 Plate Barding Armor
40:19 Padded Archer Armor
42:26 Chemistry
41:36 Masonry
42:06 Conscription
42:32 Leather Archer Armor
43:57 Ring Archer Armor
45:18 Architecture
44:21 Cavalier
50:40 Blast Furnace
51:04 Heavy Plow
52:07 Stone Mining
53:06 Siege Engineers
52:55 Vendel Legacy
53:43 Light Cavalry
56:04 Murder Holes
55:45 Crossbowman
57:03 Stone Shaft Mining
56:25 Heavy Mounted Crossbowman
56:26 Cranequins
56:55 Hussar
65:51 Crop Rotation
Reberner
6:33 Loom
8:56 Feudal Age
9:44 Double-Bit Axe
9:21 Man-at-Arms
16:36 Padded Archer Armor
16:26 Fletching
21:36 Castle Age
19:38 Horse Collar
20:14 Gold Mining
22:12 Bodkin Arrow
23:47 Bow Saw
25:24 Ballistics
25:42 Bloodlines
25:32 Husbandry
28:18 Wheelbarrow
30:58 Stone Mining
33:21 Hand Cart
40:55 Imperial Age
39:38 Pikeman
41:39 Bracer
41:00 Cranequins
41:49 Thumb Ring
44:31 Light Cavalry
47:35 Conscription
47:16 Scale Mail Armor
49:19 Chain Mail Armor
49:16 Forging
48:48 Elite Skirmisher
49:45 Leather Archer Armor
49:51 Squires
49:36 Arson
49:37 Gambesons
49:22 Elite Jomsviking
51:30 Plate Mail Armor
51:36 Iron Casting
51:09 Long Swordsman
51:46 Two-Handed Swordsman
51:55 Halberdier
52:33 Champion
54:04 Gold Shaft Mining
53:45 Hamask
56:01 Hoardings
58:29 Chemistry
58:32 Blast Furnace
58:35 Heavy Plow
62:06 Ring Archer Armor
71:30 Scale Barding Armor
Connection lost

Rejoining the realm…

Still unreachable

The connection could not be restored.

Session expired

The server has moved on; the page needs a fresh start.